Map: Hardwire LE

Players

MaxPax - Winner!

  • Race: Protoss Protoss
  • League: Grandmaster

Geralt (Gerald)

  • Race: Protoss Protoss
  • League: Grandmaster

Event: DreamHack SC2 Masters Last Chance 2022

VOD

Have the link to the VOD?

Description

Time

  • Played on: Dec. 17, 2021, 12:31 p.m.
  • Length: 10:42

All games in this series

Show
View Real Time Build Order
Export as new Build Order

MaxPax Protoss - Winner!

Build Orders: Oracle Opening 

Get SALT Encoding   

  12  0:00  Probe  
  13  0:12  Probe  
  14  0:19  Pylon  
  14  0:24  Probe  
  15  0:37  Probe (Chrono Boost)  
  15  0:39  Gateway  
  16  0:48  Assimilator, Probe (Chrono Boost)  
  17  0:53  Probe (Chrono Boost)  
  18  1:03  Probe (Chrono Boost)  
  19  1:11  Assimilator  
  19  1:12  Pylon  
  19  1:16  Probe (Chrono Boost)  
  20  1:24  Probe (Chrono Boost)  
  21  1:29  Cybernetics Core  
  21  1:30  Probe  
  24  1:42  Probe  
  24  1:45  Zealot (Chrono Boost)  
  25  1:54  Probe  
  26  2:06  Probe, Stargate  
  27  2:09  Adept (Chrono Boost)  
  29  2:18  Probe  
  29  2:22  Pylon  
  30  2:25  Warp Gate  
  30  2:27  Pylon  
  30  2:30  Probe  
  31  2:39  Stalker  
  31  2:42  Probe  
  34  2:51  Oracle (Chrono Boost), Shield Battery  
  37  3:12  Nexus  
  37  3:19  Probe  
  38  3:24  Gateway  
  38  3:31  Probe  
  39  3:34  Pylon  
  39  3:38  Twilight Council  
  39  3:52  Probe, Shield Battery  
  40  4:04  Probe, Forge  
  40  4:09  Blink (Chrono Boost)  
  41  4:16  Stalker, Probe  
  44  4:28  Probe  
  44  4:29  Stalker  
  47  4:36  Protoss Ground Weapons Level 1 (Chrono Boost)  
  47  4:38  Probe  
  48  4:40  Probe  
  48  4:44  Gateway  
  49  4:50  Probe  
  49  4:52  Probe  
  51  4:55  Stalker x2  
  51  5:01  Gateway  
  51  5:02  Probe  
  51  5:05  Probe  
  53  5:09  Pylon  
  53  5:18  Pylon  
  53  5:24  Stalker x2  
  57  5:34  Nexus  
  57  5:37  Shield Battery  
  57  5:40  Probe x2  
  59  5:44  Stalker  
  59  5:47  Assimilator, Pylon  
  61  5:52  Stalker  
  61  5:56  Stalker, Probe  
  66  5:57  Probe  
  66  6:01  Stalker  
  69  6:08  Stalker, Probe  
  69  6:10  Probe  
  73  6:17  Stalker  
  75  6:20  Probe  
  76  6:26  Stalker x2  
  76  6:28  Probe  
  81  6:35  Probe  
  81  6:37  Shield Battery  
  82  6:40  Protoss Ground Weapons Level 2  
  82  6:41  Stalker  
  82  6:42  Stalker  
  82  6:46  Probe  
  87  6:49  Probe x2  
  89  6:58  Probe  
  90  7:01  Probe  
  90  7:04  Stalker  
  93  7:09  Probe  
  93  7:10  Probe  
  93  7:11  Photon Cannon  
  93  7:13  Robotics Facility  
  93  7:14  Probe  
  96  7:15  Pylon  
  96  7:21  Probe  
  96  7:22  Probe  
  94  7:27  Probe  
  94  7:28  Stalker x4  
  99  7:33  Probe  
  98  7:38  Charge (Chrono Boost)  
  98  7:39  Probe  
  98  7:42  Probe  
  100  7:48  Probe  
  100  7:50  Pylon  
  99  8:03  Probe  
  99  8:05  Nexus  
  92  8:06  Stalker x2  
  92  8:07  Stalker  
  92  8:09  Assimilator  
  92  8:10  Photon Cannon, Pylon  
  98  8:15  Gateway  
  98  8:16  Gateway  
  98  8:19  Gateway x2  
  99  8:20  Observer (Chrono Boost)  
  99  8:25  Photon Cannon  
  101  8:35  Observer, Pylon  
  101  8:39  Zealot  
  101  8:40  Zealot x3  
  103  8:46  Probe  
  87  9:06  Gateway  
  87  9:07  Pylon  
  87  9:09  Photon Cannon  
  87  9:11  Warp Prism (Chrono Boost)  
  87  9:13  Zealot x4  
  87  9:14  Zealot x2  
  101  9:23  Zealot x2  
  95  9:40  Observer  
  95  9:41  Stalker x4  
  95  9:42  Stalker x2  
  108  9:48  Zealot  
  108  9:49  Zealot  
  110  9:53  Robotics Bay  
  110  9:55  Gateway, Probe x2  
  110  9:56  Probe x2  
  114  10:00  Photon Cannon  
  114  10:07  Zealot x3, Sentry  
  114  10:10  Observer  
  121  10:17  Stalker x3  
  121  10:18  Stalker  
  115  10:28  Zealot x4  
  115  10:34  Stalker  
  119  10:40  Zealot x2  
  119  10:41  Zealot x2  
Show
View Real Time Build Order
Export as new Build Order

Geralt Protoss 

Build Orders:  

Get SALT Encoding   

  12  0:00  Probe  
  13  0:12  Probe  
  14  0:17  Pylon  
  14  0:24  Probe (Chrono Boost)  
  15  0:36  Probe (Chrono Boost)  
  15  0:39  Gateway  
  16  0:44  Probe (Chrono Boost)  
  16  0:47  Assimilator  
  17  0:51  Probe  
  17  0:55  Assimilator  
  18  1:03  Probe (Chrono Boost)  
  19  1:08  Gateway  
  19  1:12  Probe (Chrono Boost)  
  19  1:17  Probe (Chrono Boost)  
  21  1:26  Cybernetics Core  
  21  1:29  Probe  
  22  1:37  Pylon  
  22  1:42  Probe  
  23  1:55  Probe  
  23  1:59  Pylon  
  24  2:02  Stalker  
  24  2:03  Stalker  
  24  2:06  Warp Gate (Chrono Boost)  
  28  2:12  Probe  
  29  2:16  Pylon  
  29  2:24  Probe  
  30  2:30  Pylon  
  31  2:39  Probe, Pylon  
  31  2:50  Pylon  
  31  2:53  Pylon  
  31  2:59  Shield Battery  
  31  3:01  Nexus  
  30  3:06  Probe  
  31  3:13  Shield Battery  
  31  3:22  Probe  
  31  3:26  Shield Battery  
  32  3:30  Twilight Council  
  32  3:35  Probe  
  33  3:47  Stalker x2, Probe  
  38  3:59  Probe  
  39  4:03  Blink (Chrono Boost)  
  39  4:13  Probe, Pylon  
  40  4:19  Stalker  
  40  4:24  Stalker  
  44  4:29  Probe  
  45  4:36  Probe  
  45  4:41  Probe  
  45  4:44  Stalker  
  48  4:48  Probe  
  48  4:55  Probe  
  49  5:00  Probe  
  49  5:03  Robotics Facility  
  50  5:07  Probe  
  50  5:12  Adept x2  
  50  5:13  Probe  
  57  5:22  Probe (Chrono Boost)  
  57  5:25  Forge  
  57  5:26  Gateway, Probe (Chrono Boost)  
  58  5:30  Assimilator  
  58  5:33  Pylon  
  60  5:44  Stalker  
  60  5:51  Nexus  
  60  5:53  Observer (Chrono Boost), Probe  
  62  5:57  Probe  
  62  5:59  Protoss Ground Weapons Level 1  
  63  6:05  Observer (Chrono Boost), Probe, Shield Battery  
  65  6:13  Probe  
  66  6:19  Gateway  
  66  6:20  Gateway, Probe  
  66  6:24  Stalker  
  69  6:32  Pylon  
  69  6:36  Stalker  
  69  6:37  Stalker  
  68  6:47  Stalker  
  68  6:52  Dark Shrine  
  67  7:02  Stalker x2  
  67  7:03  Immortal  
  73  7:08  Gateway  
  73  7:09  Gateway  
  73  7:13  Probe  
  66  7:24  Nexus  
  66  7:27  Stalker  
  66  7:28  Stalker x2  
  68  7:35  Stalker x2  
  69  7:39  Probe  
  68  8:04  Stalker x4  
  68  8:05  Stalker  
  74  8:07  Dark Templar x2  
  78  8:14  Pylon  
  78  8:38  Observer  
  76  8:46  Stalker x3  
  76  8:47  Stalker x2  
  73  9:00  Nexus  
  73  9:01  Pylon  
  66  9:10  Stalker x2  
  66  9:11  Zealot  
  66  9:12  Zealot x3  
  78  9:18  Pylon  
  78  9:25  Gateway  
  78  9:29  Gateway  
  74  9:41  Warp Prism (Chrono Boost)  
  74  9:59  Stalker x2  
  78  10:02  Sentry x3  
  84  10:08  Stalker  
  72  10:25  Stalker x3  
  68  10:28  Stalker x2  
  68  10:29  Stalker x2  
  68  10:33  Zealot  
  65  10:39  Zealot  
  65  10:40  Zealot  

Tags
 
Add a new tag
Caveats
  • Supply blocks, unpowered buildings, or Contaminate may cause inaccurate times.
  • Supply counts are checked every 10 seconds.